 Dungeon Crawl Stone Soup version 0.20.1-1-g8b1a95d (webtiles) character file.

998 sanboga the Skirmisher (level 8, -1/63 HPs)
             Began as a Formicid Abyssal Knight on Dec 15, 2017.
             Was a Believer of Lugonu.
             Killed by divine providence
             ... invoked by an orc priest
              (10 damage)
             ... on level 7 of the Dungeon.
             The game lasted 00:14:42 (5054 turns).

sanboga the Skirmisher (Formicid Abyssal Knight)    Turns: 5054, Time: 00:14:43

Health: -1/63      AC: 11    Str: 19 (21) XL:     8   Next: 43%
Magic:  9/9        EV: 10    Int:  8      God:    Lugonu [**....]
Gold:   298        SH:  0    Dex:  9 (11) Spells: 7/7 levels left

rFire    + . .     SeeInvis +   m - +0 falchion of Juxkeceomi {freeze, rPois Str+2 Int-3 SInv}
rCold    x . .     Gourm    .   (no shield)
rNeg     + . .     Faith    .   f - +3 scale mail {MR+}
rPois    +         Spirit   .   (helmet unavailable)
rElec    .         Reflect  .   (no cloak)
rCorr    .         Harm     .   (no gloves)
MR       +....                  l - +0 pair of boots
Stlth    ..........             (no amulet)
Regen    0.2/turn               j - ring of fire
MPRegen  0.2/turn               t - ring of positive energy

@: very slightly contaminated, invisible
A: permanent stasis, dig shafts and tunnels, four strong arms, antennae 3,
deterioration 1, poison resistance, subdued magic 1
a: Dig, Shaft Self, Depart the Abyss, Bend Space, Renounce Religion


You were on level 7 of the Dungeon.
You worshipped Lugonu.
Lugonu was pleased with you.
You were not hungry.

You visited 1 branch of the dungeon, and saw 5 of its levels.
You visited the Abyss 1 time.

You collected 298 gold pieces.

Inventory:

Hand Weapons
 a - a +2 spear
 m - the +0 falchion of Juxkeceomi (weapon) {freeze, rPois Str+2 Int-3 SInv}
   (You found it on level 4 of the Dungeon)

   It has been specially enchanted to freeze those struck by it, causing extra
   injury to most foes and up to half again as much damage against particularly
   susceptible opponents.
   It can also slow down cold-blooded creatures.
   It affects your strength (+2).
   It affects your intelligence (-3).
   It protects you from poison.
   It lets you see invisible.
 p - a +0 spear of freezing
Armour
 f - a +3 scale mail of magic resistance (worn)
 l - a +0 pair of boots (worn)
Jewellery
 j - a ring of fire (left hand)
 t - a ring of positive energy (right hand)
Wands
 w - a wand of confusion (30/48)
Scrolls
 o - a scroll of fear
Potions
 b - a potion of might
 g - 2 potions of curing
 h - a potion of lignification
 k - 2 potions of magic
Comestibles
 c - 2 bread rations
 d - 3 meat rations
 i - a fruit
 s - a royal jelly


   Skills:
 + Level 5.6 Fighting
 + Level 3.0 Long Blades
 + Level 5.5 Polearms
 + Level 5.4 Armour
 + Level 2.0 Dodging
 + Level 2.1 Stealth
 + Level 2.3 Invocations


You had 7 spell levels left.
You didn't know any spells.

Dungeon Overview and Level Annotations

Branches:
Dungeon (4/15)             Temple (0/1) D:4

Altars:
Elyvilon
Ru
Uskayaw
Vehumet
The Shining One


Innate Abilities, Weirdness & Mutations

You cannot be hasted, slowed, berserked, paralysed or teleported.
You can dig through walls and to a lower floor.
Your four strong arms can wield two-handed weapons with a shield.
You have a pair of large antennae on your head. (SInv)
Your body sometimes deteriorates upon taking damage.
Your system is resistant to poisons. (rPois)
Your spells are a little easier to cast, but a little less powerful.


Message History

The hound is moderately wounded.
The orc priest shouts!
The orc shouts!
The hound bites you but does no damage.
The crimson imp grins evilly.
The hound completely misses you.
You hit the hound. You freeze the hound.
The hound is severely wounded.
The orc shouts!
The hound bites you but does no damage.
The crimson imp hits you but does no damage.
The hound barely misses you.
You hit the hound. You freeze the hound.
You kill the hound!
Lugonu accepts your kill.
Your Long Blades skill increases to level 3!
The orc shouts!
The crimson imp shouts, "Return whence thou came, thou odious toad-spotted slabber!"
The orc priest mumbles some strange prayers to Beogh against you.
Beogh smites you!
You die...

###### #....# ####....#
###############.......#
..........(...........#
....................###
.....o.†.##.........#
..ZoY..o5@..........#
..YYh..###†.#......#######
..YYs.. ##.........##....
....... ###............÷.
.....Y. #...##.......(.[.
....... #.####...........
...#... ... #(..........
##.#....>. <....##......
..... ..###..#......


You could see 5 yaks, a scorpion, a howler monkey, an orc priest, a crimson imp,
2 orcs and a centaur zombie.

Vanquished Creatures
  Sigmund (D:2)
  An ice beast (D:7)
  3 ogres (D:4)
  A crocodile (D:7)
  A bullfrog (D:7)
  A howler monkey (D:7)
  A hound (D:7)
  A centaur skeleton (D:4)
  Jessica (D:2)
  2 worker ants (D:4)
  A hound skeleton (D:7)
  A mummy (D:4)
  5 adders
  2 oozes
  2 worms (D:2)
  3 dart slugs
  6 leopard geckos
  9 orcs
  2 ball pythons
  6 giant cockroaches
  8 goblins
  9 hobgoblins
  2 jackals (D:7)
  7 kobolds
  3 quokkas
  7 bats
  4 frilled lizards
  A hobgoblin zombie (D:4)
  2 kobold zombies (D:4)
  An orc zombie (D:4)
  3 rats
97 creatures vanquished.

Notes
Turn   | Place    | Note
-------+----------+-------------------------------------------
     0 | Abyss:1  | sanboga the Formicid Abyssal Knight began the quest for the Orb.
     0 | Abyss:1  | Reached XP level 1. HP: 18/18 MP: 2/2
    52 | Abyss:2  | Noticed a sky beast
    54 | Abyss:2  | Noticed an ancient zyme
    57 | D:1      | Escaped the Abyss
   269 | D:1      | Reached XP level 2. HP: 20/24 MP: 3/3
   539 | D:1      | Reached * piety under Lugonu
   704 | D:1      | Reached XP level 3. HP: 27/30 MP: 4/4
  1368 | D:2      | Noticed Jessica
  1387 | D:2      | Killed Jessica
  1387 | D:2      | Reached skill level 1 in Dodging
  1387 | D:2      | Reached XP level 4. HP: 20/37 MP: 5/5
  1394 | D:2      | Found a glowing golden altar of the Shining One.
  1577 | D:2      | Noticed Sigmund
  1602 | D:2      | Killed Sigmund
  1602 | D:2      | Reached skill level 1 in Stealth
  1602 | D:2      | Reached XP level 5. HP: 31/43 MP: 6/6
  1602 | D:2      | Reached XP level 6. HP: 36/49 MP: 7/7
  1629 | D:2      | Found a sacrificial altar of Ru.
  2115 | D:3      | Reached ** piety under Lugonu
  2178 | D:3      | Found a white marble altar of Elyvilon.
  2881 | D:4      | Noticed an ogre
  2896 | D:4      | Killed an ogre
  2896 | D:4      | Reached skill level 5 in Polearms
  2896 | D:4      | Reached XP level 7. HP: 10/55 MP: 8/8
  3174 | D:4      | Found a staircase to the Ecumenical Temple.
  3285 | D:4      | Found a radiant altar of Vehumet.
  3360 | D:4      | Reached skill level 5 in Fighting
  3667 | D:4      | Got a steaming falchion
  3668 | D:4      | Identified the +0 falchion of Juxkeceomi {freeze, rPois Str+2 Int-3 SInv} (You found it on level 4 of the Dungeon)
  3670 | D:4      | Gained mutation: Your body sometimes deteriorates upon taking damage. [potion of mutation]
  3670 | D:4      | Gained mutation: Your spells are a little easier to cast, but a little less powerful. [potion of mutation]
  3670 | D:4      | Gained mutation: Your system is resistant to poisons. (rPois) [potion of mutation]
  3676 | D:4      | Found a hide-covered altar of Uskayaw.
  4021 | D:4      | Reached skill level 1 in Long Blades
  4315 | D:4      | You fall through a shaft for 3 floors!
  4358 | D:7      | Reached XP level 8. HP: 21/62 MP: 9/9
  4365 | D:7      | Reached skill level 5 in Armour
  5035 | D:7      | Noticed a yak
  5036 | D:7      | Noticed a yak
  5040 | D:7      | Noticed a yak
  5041 | D:7      | Noticed a yak
  5041 | D:7      | Noticed a yak
  5054 | D:7      | Killed from afar by an orc priest

Skill      XL: |  1  2  3  4  5  6  7  8 |
---------------+-------------------------+-----
Fighting       | 4 5 |  5.6
Armour         | 3 4 5 |  5.4
Dodging        | 1 2 |  2.0
Polearms       | 4 5 |  5.5
Stealth        | 1 2 |  2.1
Long Blades    | 1 3 |  3.0
Invocations    | |  2.3

Action                   |  1- 3 |  4- 6 |  7- 9 || total
-------------------------+-------+-------+-------++-------
Melee: Spear             |   108 |   178 |    52 ||   338
       Falchion          |       |       |    96 ||    96
Invok: Depart the Abyss  |     1 |       |       ||     1
 Abil: Dig               |     1 |     3 |       ||     4
Evoke: Wand              |       |       |     1 ||     1
  Use: Scroll            |     1 |    11 |     2 ||    14
       Potion            |       |     8 |     5 ||    13
 Stab: Invisible         |       |     4 |     2 ||     6
  Eat: Chunk             |     2 |     4 |     5 ||    11
       Fruit             |       |       |     2 ||     2
       Royal jelly       |       |       |     1 ||     1
Armor: Leather armour    |     4 |       |       ||     4
       Scale mail        |    45 |    49 |    74 ||   168
Dodge: Dodged            |    51 |    85 |   106 ||   242
       Rpst.: Falchion   |       |       |    29 ||    29
